 Dungeon Crawl Stone Soup version 0.31.0-11-ge490571c62 (webtiles) character file.

Game seed: 10409782821398193246

17987 puimuR the Warrior (level 12, 0/122 HPs)
             Began as a Ghoul Gladiator on Feb 8, 2024.
             Was a High Priest of Okawaru.
             Killed from afar by a kobold blastminer (39 damage)
             ... with an iron shot
             ... on level 2 of the Orcish Mines.
             The game lasted 00:34:26 (5113 turns).

puimuR the Warrior (Ghoul Gladiator)                Turns: 5113, Time: 00:34:27

Health: 0/122      AC: 13    Str: 23    XL:     12   Next: 53%
Magic:  15/15      EV: 24    Int:  7    God:    Okawaru [*****.]
Gold:   700        SH:  0    Dex: 10    Spells: 10/11 levels left

rFire   + + .        R - +6 executioner's axe of the Pill Bug {spect, rF++ rN+ SInv Stlth+}
rCold   + . .        (shield currently unavailable)
rNeg    + + +        j - +3 troll leather armour {Snorg}
rPois   ∞            M - +1 helmet
rElec   .            X - +1 cloak {Stlth+}
rCorr   .            (no gloves)
SInv    +            z - +0 pair of boots
Will    .....        (no amulet)
Stlth   ++++         m - +5 ring of evasion
HPRegen 0.00/turn    D - +5 ring of evasion
MPRegen 0.14/turn

%: no passive effects
@: heroic, inhibited regen, studying Fighting
A: claws 1, cold resistance 1, negative energy resistance 3, inhibited
regeneration, torment resistance 2, devour on kill
a: Renounce Religion, Heroism, Finesse, Duel


You were on level 2 of the Orcish Mines.
You worshipped Okawaru.
Okawaru was extremely pleased with you.
You visited 3 branches of the dungeon, and saw 15 of its levels.
You also visited: Ossuary, Bailey and Ice Cave.

You collected 784 gold pieces.
You spent 84 gold pieces at shops.

Inventory:

Hand Weapons
 a - a +0 war axe
 e - a -2 demon whip of venom
 r - a +3 trident
 y - a +2 heavy flail
 A - a +2 mace of protection
 R - the +6 executioner's axe of the Pill Bug (weapon) {spect, rF++ rN+ SInv Stlth+}
   (You acquired it in a bailey)

   rF++:      It greatly protects you from fire.
   rN+:       It protects you from negative energy.
   SInv:      It lets you see invisible.
   Stlth+:    It makes you more stealthy.
 V - a +8 broad axe
Missiles
 g - 42 boomerangs (quivered)
 w - 24 poisoned darts
Armour
 c - a +0 troll leather armour
 f - a +3 chain mail of willpower
 j - a +3 troll leather armour (worn) {Snorg}
 o - a +2 leather armour of poison resistance
 u - a +0 kite shield of cold resistance
 z - a +0 pair of boots (worn)
 M - a +1 helmet (worn)
 X - a +1 cloak of stealth (worn)
Jewellery
 m - a +5 ring of evasion (left claw)
 D - a +5 ring of evasion (right claw)
 Q - a ring of willpower
Wands
 b - a wand of iceblast (5)
Scrolls
 d - 3 scrolls of teleportation
 h - a scroll of fog
 i - a scroll of blinking {unknown}
 k - a scroll of torment
 s - a scroll of fear
 v - 3 scrolls of amnesia
 x - 2 scrolls of immolation
 G - 3 scrolls of enchant armour
 H - a scroll of vulnerability {unknown}
 K - a scroll of poison {unknown}
 L - 2 scrolls of revelation {unknown}
 W - a scroll of acquirement
 Z - 2 scrolls of noise
Potions
 n - 5 potions of curing
 p - a potion of enlightenment {unknown}
 q - a potion of mutation {unknown}
 t - a potion of might
 E - 2 potions of heal wounds
 F - 2 potions of lignification
 I - 2 potions of magic
 J - 3 potions of ambrosia {unknown}
 S - a potion of invisibility
 T - a potion of haste {unknown}
 U - a potion of cancellation {unknown}
 Y - a potion of brilliance {unknown}


   Skills:
 + Level 15.9(20.9) Fighting
 + Level 14.7(19.7) Axes
 - Level 1.7(6.7) Throwing
 - Level 3.8(8.8) Armour
 - Level 2.6(7.6) Dodging
 - Level 4.3 Invocations


You had 10 spell levels left.
You knew the following spells:

 Your Spells              Type           Power      Damage    Failure   Level
a - Necrotise             Necr           0%         1d4       45%         1

Your spell library contained the following spells:

 Spells                   Type           Power      Damage    Failure   Level
 Lesser Beckoning         Tloc           0%         N/A       61%         2
 Gell's Gravitas          Tloc           0%         N/A       83%         3
 Teleport Other           Tloc           0%         N/A       83%         3
 Vampiric Draining        Necr           0%         2d6       83%         3
 Dimensional Bullseye     Hex/Tloc       0%         N/A       99%         4
 Iskenderun's Mystic Bla  Conj/Tloc      0%         2d3       99%         4
 Curse of Agony           Necr           0%         N/A       100%        5
 Summon Small Mammal      Summ           Unusable   N/A       N/A         1
 Call Canine Familiar     Summ           Unusable   N/A       N/A         3
 Tukima's Dance           Hex            Unusable   N/A       N/A         3
 Martyr's Knell           Necr/Summ      Unusable   N/A       N/A         4
 Summon Blazeheart Golem  Fire/Summ      Unusable   N/A       N/A         4

Dungeon Overview and Level Annotations

Branches:
Dungeon (12/15)            Temple (1/1) D:5             Orc (2/2) D:9
    Elf (0/3) Orc:2       Ossuary (visited)          Bailey (visited)
  IceCv (visited)
   Lair: D:8-11

Altars:
Ashenzari
Cheibriados
Dithmenos
Fedhas
Gozag
Hepliaklqana
Kikubaaqudgha
Makhleb
Nemelex Xobeh
Okawaru
Qazlal
Ru
Sif Muna
Trog
Uskayaw
Vehumet
Wu Jian
Xom
Yredelemnul

Shops:
D:6 ?   D:7 [   D:11 ?

Annotations:
D:5 Dowan, Duvessa, Edmund
D:7 exclusion: downstairs
D:8 Erica


Innate Abilities, Weirdness & Mutations

You are immune to poison.
You have sharp fingernails.
Your flesh is cold resistant. (rC+)
You are immune to negative energy. (rN+++)
You do not regenerate when monsters are visible.
You are immune to unholy pain and torment.
You thrive by killing the living.


Message History

The kobold blastminer bats away at the thin smoke enveloping its cannon.
The kobold blastminer shoots an arrow.
The arrow misses you.
You see here a +1 shortbow of flaming.
Unknown command.
The orc priest completely misses you.
The kobold blastminer shoots an arrow.
The arrow completely misses you.
The kobold blastminer blasts its cannon at you.
The iron shot hits you!!
The kobold blastminer is knocked back by the blast.
The orc priest completely misses you.
The kobold blastminer shoots an arrow.
The arrow misses you.
Things that are here:
a +0 dagger; a +0 robe; an orc corpse Unknown command.
You slice the orc priest!!
You kill the orc priest!
Okawaru accepts your kill.
You hear a splash. x2
The kobold blastminer shoots a bolt.
The bolt hits you but does no damage.
Unknown command.
You enter the shallow water.
Moving in this stuff is going to be slow.
The kobold blastminer shoots an arrow.
The arrow misses you.
The kobold blastminer shoots a bolt.
The bolt hits you.
Unknown command.
The kobold blastminer unwields a +0 orcbow.
The kobold blastminer misses you.
The kobold blastminer shoots a bolt.
The bolt completely misses you.
The kobold blastminer barely misses you.
Unknown command.
You slice the kobold blastminer!!
The kobold blastminer is severely wounded.
Your +6 executioner's axe of the Pill Bug {spect, rF++ rN+ SInv Stlth+} hits the kobold blastminer!!!
You kill the kobold blastminer!
Okawaru accepts your kill.
Found 28 gold pieces.
Your +6 executioner's axe of the Pill Bug {spect, rF++ rN+ SInv Stlth+} disappears.
The kobold blastminer blasts its cannon at you.
The iron shot hits you!!!
You die...

##....#.## #.
##.†††....#
#..
#...).†...##
##.
#≈≈≈.......≈##
#.
#≈≈≈≈..).†≈≈≈#
..
#...≈≈..~)≈~~#
..
##..~≈≈≈~)~~)#
.
##..~K≈≈$~..#
. ##....≈~@.##
####....##
##..## .....
....#. $....#
. ...## ...


You could see a kobold blastminer.

Vanquished Creatures
  2 orc warlords
  Snorg (Orc:1)
  Erolcha (Orc:1)
  3 two-headed ogres
  Amaemon (D:10)
  3 orc knights
  An orc sorcerer (Orc:1)
  4 kobold blastminers
  An orange demon (D:9)
  A gargoyle (D:11)
  A freezing wraith (IceCv)
  4 trolls
  A hornet (D:8)
  A wraith (D:9)
  A yak (D:8)
  6 wargs
  5 vampire mosquitoes (D:11)
  3 death yak simulacra (IceCv)
  A steam dragon (D:6)
  An acid dragon (D:9)
  21 orc warriors
  An ice beast (D:7)
  3 black bears
  4 centaurs
  3 ogres
  2 phantoms
  A kobold brigand (D:6)
  3 bullfrogs
  9 scorpions
  2 cane toad simulacra (IceCv)
  An elephant simulacrum (IceCv)
  4 killer bees (D:10)
  A bombardier beetle (D:4)
  A howler monkey (D:11)
  5 centaur zombies (Ossuary)
  4 hounds
  A human zombie (Ossuary)
  12 orc priests
  A jelly (D:5)
  A sleepcap (D:6)
  4 scorpion zombies (Ossuary)
  2 iguanas
  7 orc wizards
  A wolf simulacrum (IceCv)
  A polar bear simulacrum (IceCv)
  3 mummies (Ossuary)
  2 gnolls (Bailey)
  4 adders
  2 shadow imps (D:6)
  4 ufetubi (D:6)
  An adder zombie (Ossuary)
  53 orcs
  6 endoplasms
  4 giant cockroaches
  2 gnoll zombies (Ossuary)
  13 goblins
  8 hobgoblins
  A quokka (D:1)
  4 ball pythons
  3 ball python zombies (Ossuary)
  4 bats
  A jackal zombie (Ossuary)
  18 kobolds
  An orc zombie (Ossuary)
  6 rats
277 creatures vanquished.

Vanquished Creatures (others)
  A bat (Orc:2)
  5 spectral weapons
6 creatures vanquished.

Grand Total: 283 creatures vanquished

Notes
Turn   | Place    | Note
-------+----------+-------------------------------------------
     0 | D:1      | puimuR the Ghoul Gladiator began the quest for the Orb.
     0 | D:1      | Reached XP level 1. HP: 17/17 MP: 1/1
    26 | D:1      | Found a faded altar of an unknown god.
    51 | D:1      | Reached XP level 2. HP: 24/24 MP: 2/2
   239 | D:2      | Reached XP level 3. HP: 29/29 MP: 3/3
   245 | D:2      | Identified the +1 robe of Impressiveness {Harm rF+ Will++}
   400 | D:3      | Found a hazy altar of Hepliaklqana.
   400 | D:3      | Found an ancient bone altar of Kikubaaqudgha.
   635 | D:4      | Reached XP level 4. HP: 33/36 MP: 4/4
   672 | D:5      | Entered Level 5 of the Dungeon
   672 | D:5      | Noticed Duvessa
   672 | D:5      | Noticed Dowan
   673 | D:5      | Found a staircase to the Ecumenical Temple.
   683 | Temple   | Entered the Ecumenical Temple
   693 | Temple   | Became a worshipper of Warmaster Okawaru
   802 | D:4      | Noticed a scorpion
   821 | D:4      | Killed a scorpion
   822 | D:4      | Reached skill level 5 in Axes
   822 | D:4      | Reached XP level 5. HP: 28/41 MP: 5/5
   962 | D:4      | Reached XP level 6. HP: 48/48 MP: 6/6
  1112 | D:4      | Reached * piety under Okawaru
  1146 | D:4      | Reached skill level 1 in Invocations
  1234 | D:5      | Noticed Edmund
  1246 | D:6      | Reached XP level 7. HP: 26/55 MP: 8/8
  1248 | D:6      | Found Iniehuomm's Magic Scroll Shoppe.
  1373 | D:6      | Bought a scroll of teleportation for 42 gold pieces
  1415 | D:6      | Reached ** piety under Okawaru
  1449 | D:6      | Reached skill level 3 in Fighting
  1488 | D:6      | Learned a level 1 spell: Necrotise
  1520 | D:6      | Reached XP level 8. HP: 51/66 MP: 10/10
  1580 | D:7      | Reached skill level 4 in Fighting
  1803 | D:7      | Found Jukyralu's Armour Emporium.
  1852 | D:6      | Reached skill level 5 in Fighting
  1894 | D:7      | Found a sand-covered staircase.
  1903 | Ossuary  | Entered an ossuary
  2022 | Ossuary  | Reached skill level 6 in Fighting
  2098 | Ossuary  | Reached XP level 9. HP: 48/75 MP: 11/11
  2147 | Ossuary  | Reached *** piety under Okawaru
  2297 | D:7      | Identified a scroll of acquirement
  2414 | D:7      | Found a bloodstained altar of Trog.
  2473 | D:7      | Found an ornate altar of the Wu Jian Council.
  2496 | D:8      | Noticed Erica
  2598 | D:8      | Reached skill level 10 in Axes
  2645 | D:8      | Noticed a hornet
  2658 | D:8      | Noticed a two-headed ogre
  2664 | D:8      | Killed a hornet
  2672 | D:8      | Noticed a two-headed ogre
  2679 | D:9      | Reached **** piety under Okawaru
  2790 | D:9      | Found a staircase to the Orcish Mines.
  2828 | D:9      | Noticed a two-headed ogre
  2843 | D:9      | Killed a two-headed ogre
  2844 | D:9      | Reached XP level 10. HP: 47/83 MP: 9/12
  2889 | D:10     | Entered Level 10 of the Dungeon
  2889 | D:10     | Noticed Amaemon
  2889 | D:10     | Noticed an orange demon
  2898 | D:9      | Killed an orange demon
  2898 | D:9      | Reached ***** piety under Okawaru
  2932 | D:10     | Killed Amaemon
  2932 | D:10     | Received a gift from Okawaru
  2943 | D:9      | Acquired a manual of Fighting
  3115 | D:9      | Found a flagged portal.
  3173 | Bailey   | Entered a bailey
  3193 | Bailey   | Noticed an orc warlord
  3242 | Bailey   | Reached skill level 1 in Armour
  3294 | Bailey   | Acquired the +6 executioner's axe of the Pill Bug {spect,
                  | rF++ rN+ SInv Stlth+}
  3301 | Bailey   | Found a runed translucent gate.
  3303 | Bailey   | Found a runed translucent gate.
  3305 | Bailey   | Found a runed translucent gate.
  3317 | Bailey   | Noticed an orc knight
  3340 | Bailey   | Killed an orc knight
  3341 | Bailey   | Reached skill level 7 in Fighting
  3418 | Bailey   | Killed an orc warlord
  3419 | Bailey   | Reached skill level 9 in Fighting
  3609 | D:11     | Reached XP level 11. HP: 99/99 MP: 13/13
  3621 | D:11     | Identified the +0 leather armour "Quenka" {Dex+2}
  3702 | D:11     | Noticed a two-headed ogre
  3711 | D:11     | Killed a two-headed ogre
  3712 | D:11     | Reached skill level 10 in Fighting
  3735 | D:11     | Reached skill level 11 in Fighting
  3851 | D:11     | Noticed a two-headed ogre
  3858 | D:11     | Killed a two-headed ogre
  3859 | D:11     | Reached skill level 12 in Fighting
  3894 | D:11     | Found a frozen archway.
  3907 | IceCv    | Entered an ice cave
  4215 | D:11     | Found Reni Yni's Magic Scroll Emporium.
  4218 | D:11     | Bought a scroll of teleportation for 42 gold pieces
  4360 | Orc:1    | Entered Level 1 of the Orcish Mines
  4373 | Orc:1    | Noticed an orc sorcerer
  4384 | Orc:1    | Paralysed by an orc sorcerer for 2 turns
  4386 | Orc:1    | Killed an orc sorcerer
  4406 | Orc:1    | Noticed an orc warlord
  4418 | Orc:1    | Reached skill level 13 in Fighting
  4422 | Orc:1    | Killed an orc warlord
  4482 | Orc:1    | Noticed Snorg
  4489 | Orc:1    | Killed Snorg
  4490 | Orc:1    | Reached XP level 12. HP: 79/116 MP: 12/15
  4613 | D:10     | Reached skill level 14 in Fighting
  4650 | Orc:1    | Received a gift from Okawaru
  4794 | Orc:2    | Entered Level 2 of the Orcish Mines
  4808 | Orc:2    | Reached skill level 15 in Fighting
  4836 | Orc:1    | Noticed Erolcha
  4884 | Orc:1    | Killed Erolcha
  4967 | Orc:2    | Found a staircase to the Elven Halls.
  5075 | Orc:2    | Noticed a two-headed ogre
  5080 | Orc:2    | Noticed a sun demon
  5113 | Orc:2    | Killed from afar by a kobold blastminer

Illustrated notes

Levels and vault maps discovered:
D:1:      amcnicky_arrival_underground_garden, layout_loops_ring,
          ebering_ecumenical_altar_sacrificial
D:2:      layout_basic
D:3:      layout_loops_corners, gammafunk_temple_overflow_wave
D:4:      minmay_angry_zag, layout_gridville
D:5:      layout_basic, minmay_temple_entry_offerings, serial_shops, shop,
          uniq_duvessa, uniq_crazy_yiuf_cottage, uniq_edmund
D:6:      layout_loops_ring, serial_shops, nicolae_square_shop
D:7:      layout_rooms, trog_three_pillars_becter, nicolae_wu_jian_wuxing_cycle,
          serial_shops, nicolae_shop_behind_doors, enter_ossuary_1
D:8:      layout_rooms, uniq_erica
D:9:      layout_layer_cave, lair_entry_dummy, minmay_orc_entry_temple_small,
          enter_bailey_5
D:10:     layout_irregular_city, ebering_ghost_inner_flame, serial_shops, shop,
          uniq_amaemon
D:11:     layout_basic, portal_ice_cave_entry_pillars_2, serial_shops,
          nicolae_shop_rolled_up, st_stairs_5
D:12:     layout_grid_maze, ebering_ghost_gozag
Temple:   nicolae_temple_bog_church
Orc:1:    layout_caves, uniq_snorg, uniq_erolcha
Orc:2:    hellmonk_orc_salted, layout_diamond_mine, basic_altar,
          blackcustard_mines_bat_river

Skill      XL: |  1  2  3  4  5  6  7  8  9 10 11 12 |
---------------+-------------------------------------+-----
Axes           | 3 4 5 6 7 9 12 14 | 14.7
Invocations    | 2 3 4 |  4.3
Fighting       | 3 6 9 13 15 | 15.9
Armour         | 3 |  3.8
Throwing       | |  1.7
Dodging        | |  2.6

Action                     |  1- 3 |  4- 6 |  7- 9 | 10-12 || total
---------------------------+-------+-------+-------+-------++-------
  Melee: War axe           |    74 |   107 |   314 |   111 ||   606
         Punch             |       |     1 |     5 |     2 ||     8
         Executioner's axe |       |       |       |   180 ||   180
  Throw: Throwing net      |       |     1 |     2 |       ||     3
         Dart              |       |       |    28 |    10 ||    38
         Boomerang         |       |       |     6 |     2 ||     8
         Javelin           |       |       |     1 |       ||     1
 Invoke: Heroism           |       |       |     7 |    12 ||    19
         Finesse           |       |       |       |     2 ||     2
  Evoke: Wand              |       |       |       |     3 ||     3
    Use: Scroll            |       |     2 |     6 |     6 ||    14
         Potion            |       |       |     1 |     5 ||     6
   Stab: Held in net/web   |       |       |     1 |       ||     1
         Sleeping          |       |       |       |     2 ||     2
         Invisible         |       |       |       |     1 ||     1
         Distracted        |       |       |       |     3 ||     3
 Armour: Leather armour    |    36 |    46 |   168 |    43 ||   293
         Chain mail        |       |       |       |    32 ||    32
         Troll leather arm |       |       |       |    31 ||    31
  Dodge: Dodged            |    59 |    93 |   383 |   288 ||   823
